 Dungeon Crawl Stone Soup version 0.20.1-1-g8b1a95d (webtiles) character file.

56 Monsterracer the Conjurer (level 3, -3/26 HPs)
             Began as a Draconian Wizard on Sept 6, 2017.
             Killed by divine providence
             ... invoked by an orc priest
              (15 damage)
             ... on level 3 of the Dungeon.
             The game lasted 00:04:27 (3303 turns).

Monsterracer the Conjurer (Draconian Wizard)        Turns: 3303, Time: 00:04:28

Health: -3/26      AC:  5    Str:  9    XL:     3   Next: 71%
Magic:  2/7        EV: 12    Int: 19    God:
Gold:   128        SH:  0    Dex:  9    Spells: 1/8 levels left

rFire    . . .     SeeInvis .   p - +2 short sword (protect)
rCold    . . .     Gourm    .   (no shield)
rNeg     . . .     Faith    .   (armour unavailable)
rPois    .         Spirit   .   a - +0 hat
rElec    .         Reflect  .   (no cloak)
rCorr    .         Harm     .   (no gloves)
MR       .....                  (no boots)
Stlth    ++........             k - amulet of inaccuracy (curse)
Regen    0.1/turn               (no ring)
MPRegen  0.1/turn               (no ring)

@: no status effects
A: unfitting armour, cold-blooded, AC +5
a: no special abilities


You were on level 3 of the Dungeon.
You were not hungry.

You visited 1 branch of the dungeon, and saw 3 of its levels.

You collected 128 gold pieces.

Inventory:

Hand Weapons
 p - a +2 short sword of protection (weapon)
Armour
 a - a +0 hat (worn)
 d - a +0 buckler
Jewellery
 k - a cursed amulet of inaccuracy (around neck)
Wands
 s - a wand of clouds (4/9)
Scrolls
 e - a scroll of teleportation {unknown}
 f - a scroll of enchant armour {unknown}
 g - a scroll of random uselessness {unknown}
 h - a scroll of amnesia {unknown}
 j - 2 scrolls of identify {unknown}
 m - 3 scrolls of remove curse {unknown}
 n - 2 scrolls of magic mapping {unknown}
 o - 2 scrolls of immolation {unknown}
Potions
 i - a potion of might {unknown}
 l - 3 potions of haste {unknown}
 q - a potion of invisibility {unknown}
 r - a potion of berserk rage {unknown}
Books
 b - a book of Minor Magic

   Spells                             Type                      Level
   a - Magic Dart                     Conjuration                  1
   b - Blink                          Translocation                2
   c - Call Imp                       Summoning                    2
   d - Slow                           Hexes                        2
   e - Conjure Flame                  Conjuration/Fire             3
   f - Mephitic Cloud                 Conjuration/Poison/Air       3
Comestibles
 c - a bread ration
 t - 2 chunks of flesh


   Skills:
 - Level 1.7 Dodging
 - Level 1.7 Stealth
 - Level 3.0 Spellcasting
 + Level 3.6 Conjurations
   Level 1.0 Summonings
   Level 1.0 Translocations


You had one spell level left.
You knew the following spells:

 Your Spells              Type           Power        Failure   Level  Hunger
a - Magic Dart            Conj           ###.         3%          1    None
b - Conjure Flame         Conj/Fire      #.......     22%         3    ###....
c - Mephitic Cloud        Conj/Pois/Air  #.......     28%         3    ###....


Dungeon Overview and Level Annotations

Branches:
Dungeon (3/15)

Altars:


Innate Abilities, Weirdness & Mutations

Your plain brown scales are hard. (AC +5)
You cannot fit into any form of body armour.
You are cold-blooded and may be slowed by cold attacks.


Message History

You closely miss the orc priest.
The orc priest is severely wounded.
The orc hits you but does no damage.
The orc priest invokes the aid of Beogh against you.
Beogh smites you!
Huge Dmg: -46%(-12hp) hp: 54%(14hp) Unknown command.
You closely miss the orc priest.
The orc priest is heavily wounded.
The orc priest hits you but does no damage.
The orc barely misses you. The orc completely misses you.
The orc hits you with a dagger.
* * * LOW HITPOINT WARNING * * *
Damage: -7%(-2hp) hp: 47%(12hp) Unknown command.
Unknown command.
The orc priest invokes the aid of Beogh against you.
Beogh smites you!
Ouch! That really hurt!
You die...

##.##.......# ....#
##.##.......# #....#
#...#.......#### #>....#
#...#...####...# ##+# ##......#
#...#...####.### ...##<###....
#............# ##.##.........
#............# .#.#...##..#..
#............####.#......(.....
#............oo.@.#.........#.[
#(..#...##...o.####.....#...# >
##.#.........##.....#.###...# .#
#.#....####.##.#####.###...#...#
#...#### #.##.# #..............
#### #.##.#########.####.##
#.##..................
#.############.####.## ..#
#...<#


You could see an orc priest and 2 orcs.

Vanquished Creatures
  An adder (D:2)
  A dart slug (D:1)
  5 leopard geckos
  An orc (D:3)
  5 bats
  A giant cockroach (D:1)
  7 goblins
  3 hobgoblins
  4 kobolds
  2 ball pythons
  2 frilled lizards
  6 rats
  2 bushes (D:1)
40 creatures vanquished.

Notes
Turn   | Place    | Note
-------+----------+-------------------------------------------
     0 | D:1      | Monsterracer the Draconian Wizard began the quest for the Orb.
     0 | D:1      | Reached XP level 1. HP: 14/14 MP: 4/4
   258 | D:1      | Reached XP level 2. HP: 20/20 MP: 1/6
  1551 | D:2      | Reached XP level 3. HP: 26/26 MP: 3/7
  1556 | D:2      | Learned a level 3 spell: Conjure Flame
  1560 | D:2      | Learned a level 3 spell: Mephitic Cloud
  3297 | D:3      | HP: 12/26 [orc/dagger (3)]
  3303 | D:3      | Killed from afar by an orc priest

Skill      XL: |  1  2 |
---------------+-------+-----
Conjurations   | 2 3 |  3.6
Dodging        | |  1.7
Stealth        | |  1.7
Spellcasting   | |  3.0
Summonings     | |  1.0
Translocations | |  1.0

Action                   || total
-------------------------++-------
Melee: Whip              ||    36
       Tailslap          ||    51
       Scimitar          ||   220
       Short sword       ||     5
 Cast: Magic Dart        ||    88
 Stab: Sleeping          ||     1
  Eat: Chunk             ||     4
       Bread ration      ||     1
Armor: Skin              ||    14
Dodge: Dodged            ||    25
